 Dungeon Crawl Stone Soup version 0.19.1-1-g22dce08 (webtiles) character file.

101 dngmouse the Magician (level 4, 0/24 HPs)
             Began as a Deep Elf Wizard on Jan 19, 2017.
             Killed from afar by graki42's ghost (4 damage)
             ... with a magic dart
             ... on level 3 of the Dungeon.
             The game lasted 00:09:37 (3000 turns).

dngmouse the Magician (Deep Elf Wizard)             Turns: 3000, Time: 00:09:37

Health: 0/24       AC:  5    Str:  4    XL:     4   Next: 48%
Magic:  6/13       EV: 13    Int: 24    God:
Gold:   68         SH:  0    Dex: 13    Spells: 4 memorised, 5 levels left

rFire  . . .     SeeInvis .     a - +2 dagger (freeze)
rCold  . . .     Gourm    .     n - +0 robe
rNeg   . . .     Faith    .     (no shield)
rPois  .         Spirit   .     b - +0 hat
rElec  .         Reflect  .     h - +0 cloak
rCorr  .         Harm     .     f - +0 pair of gloves
MR     .....                    j - +0 pair of boots
Stlth  +.........               (no amulet)
                                (no ring)
                                (no ring)

@: confused
A: no striking features
a: no special abilities


You were on level 3 of the Dungeon.
You were not hungry.

You visited 1 branch of the dungeon, and saw 5 of its levels.

You collected 68 gold pieces.

Inventory:

Hand Weapons
 a - a +2 dagger of freezing (weapon)
Armour
 b - a +0 hat (worn)
 f - a +0 pair of gloves (worn)
 h - a +0 cloak (worn)
 j - a +0 pair of boots (worn)
 n - a +0 robe (worn)
Scrolls
 e - 4 scrolls of random uselessness {unknown}
 g - a scroll of remove curse {unknown}
 l - a scroll of amnesia {unknown}
 m - a scroll of enchant armour {unknown}
 p - a scroll of fog {unknown}
 s - a scroll of immolation {unknown}
 v - 4 scrolls of identify {unknown}
 x - a scroll of teleportation {unknown}
 y - 2 scrolls of magic mapping {unknown}
Potions
 o - a potion of berserk rage {unknown}
 q - 2 potions of brilliance {unknown}
 r - a potion of curing {unknown}
 t - a potion of resistance {unknown}
 u - a potion of ambrosia {unknown}
 w - a potion of mutation {unknown}
Books
 c - a book of Minor Magic

   Spells                             Type                      Level
   a - Magic Dart                     Conjuration                  1
   b - Blink                          Translocation                2
   c - Call Imp                       Summoning                    2
   d - Repel Missiles                 Charms/Air                   2
   e - Slow                           Hexes                        2
   f - Conjure Flame                  Conjuration/Fire             3
   g - Mephitic Cloud                 Conjuration/Poison/Air       3
Comestibles
 d - 3 bread rations
 i - a beef jerky
 k - 4 fruits


   Skills:
 - Level 2.4 Dodging
 - Level 2.4 Stealth
 * Level 5.6 Spellcasting
 - Level 2.9 Conjurations
   Level 1.1 Summonings
 - Level 2.0 Translocations
 + Level 1.3 Fire Magic
 + Level 0.0 Air Magic


You had 5 spell levels left.
You knew the following spells:

 Your Spells              Type           Power        Failure   Level  Hunger
a - Magic Dart            Conj           ###.         2%          1    None
b - Blink                 Tloc           N/A          8%          2    None
c - Conjure Flame         Conj/Fire      ###.....     12%         3    #......
d - Mephitic Cloud        Conj/Pois/Air  ##......     21%         3    #......


Dungeon Overview and Level Annotations

Branches:
Dungeon (5/15)
 Temple: D:4-7

Altars:
Elyvilon
Uskayaw
Zin

Annotations:
D:3 graki42's ghost, weakling DECj


Message History

Aiming: Conjure Flame
Press: ? - help, Dir - move target cursor, p - graki42's ghost The fire roars!
Graki42's ghost casts a spell at you. The spray of energy hits you!
Ouch! That really hurt!
* * * LOW HITPOINT WARNING * * *
You are confused.
You're too confused to cast spells.
Graki42's ghost casts a spell at you. The spray of energy hits you!
* * * LOW HITPOINT WARNING * * *
You are more confused.
You're too confused to cast spells.
You're too confused!
Graki42's ghost screams, "There is no future for me!"
Graki42's ghost takes aim.
Graki42's ghost points at you and mumbles some strange words.
The magic dart hits you!
You die...

#.# #.# #.#
#.# #.# #.#
#######.#
#.......#
#@#######
#ยง#
#######W####
#....../...#
#..........#
#......<...#
#..[.......#
#..........#
#..........#


You could see graki42's ghost.

Vanquished Creatures
  4 gnolls (D:5)
  An adder (D:2)
  3 worms
  2 dart slugs
  A leopard gecko (D:2)
  A ball python (D:3)
  3 giant cockroaches (D:1)
  5 goblins (D:1)
  5 hobgoblins
  6 kobolds
  A quokka (D:5)
  4 bats
  A frilled lizard (D:1)
  A giant cockroach zombie (D:5)
  6 rats
44 creatures vanquished.

Notes
Turn   | Place    | Note
-------+----------+-------------------------------------------
     0 | D:1      | dngmouse the Deep Elf Wizard began the quest for the Orb.
     0 | D:1      | Reached XP level 1. HP: 10/10 MP: 7/7
   362 | D:1      | Reached XP level 2. HP: 15/15 MP: 3/9
   490 | D:1      | Learned a level 2 spell: Blink
  1190 | D:2      | Reached XP level 3. HP: 19/19 MP: 8/11
  1644 | D:2      | Found a hide-covered altar of Uskayaw.
  1647 | D:2      | Noticed a hand axe
  1648 | D:2      | Noticed a hand axe
  1663 | D:2      | Learned a level 3 spell: Conjure Flame
  1667 | D:2      | Learned a level 3 spell: Mephitic Cloud
  1707 | D:3      | Noticed graki42's ghost (weakling DECj)
  1710 | D:3      | Reached skill level 5 in Spellcasting
  2220 | D:3      | Found a white marble altar of Elyvilon.
  2220 | D:3      | Found a glowing silver altar of Zin.
  2241 | D:3      | You fall through a shaft for 2 floors!
  2241 | D:5      | Entered Level 5 of the Dungeon
  2318 | D:5      | Reached XP level 4. HP: 23/24 MP: 4/13
  2518 | D:5      | Reached skill level 1 in Fire Magic
  2689 | D:5      | Noticed an ice beast
  3000 | D:3      | Killed from afar by graki42's ghost

Skill      XL: |  1  2  3  4 |
---------------+-------------+-----
Conjurations   | 2 |  2.9
Translocations | 2 |  2.0
Spellcasting   | 5 |  5.6
Fire Magic     | 1 |  1.3
Dodging        | |  2.4
Stealth        | |  2.4
Summonings     | |  1.1

Action                   |  1- 3 |  4- 6 || total
-------------------------+-------+-------++-------
Melee: Short sword       |    18 |       ||    18
 Cast: Magic Dart        |   104 |    24 ||   128
       Conjure Flame     |     2 |     2 ||     4
       Mephitic Cloud    |       |     1 ||     1
       Blink             |       |     1 ||     1
  Eat: Chunk             |     3 |     3 ||     6
Armor: Robe              |     5 |     3 ||     8
Dodge: Dodged            |    16 |     2 ||    18
